 Dungeon Crawl Stone Soup version 0.25-a0-598-gc9c9e4cfe1 (webtiles) character file.

Game seed: 3270357561384175210, levelgen mode: deterministic

121 Flubbersnuff the Chopper (level 4, -11/35 HPs)
             Began as a Demonspawn Fighter on Mar 15, 2020.
             Killed from afar by Natasha (14 damage)
             ... with a puff of flame
             ... on level 2 of the Dungeon.
             The game lasted 00:07:42 (1988 turns).

Flubbersnuff the Chopper (Demonspawn Fighter)       Turns: 1988, Time: 00:07:43

Health: -11/35     AC:  7    Str: 17    XL:     4   Next: 76%
Magic:  4/4        EV:  6    Int:  9    God:
Gold:   44         SH: 12    Dex: 13    Spells: 3/3 levels left

rFire    . . .     SeeInvis .   a - +0 war axe
rCold    . . .     Gourm    .   c - +0 kite shield
rNeg     . . .     Faith    .   b - +0 scale mail
rPois    .         Spirit   .   k - +0 helmet
rElec    .         Reflect  .   (no cloak)
rCorr    .         Harm     .   (no gloves)
MR       .....                  (no boots)
Stlth    ..........             (no amulet)
HPRegen  0.11/turn              (no ring)
MPRegen  0.09/turn              (no ring)

@: slowed, very slow
A: large bone plates 1
a: no special abilities


You were on level 2 of the Dungeon.
You were not hungry.

You visited 1 branch of the dungeon, and saw 2 of its levels.

You collected 44 gold pieces.

Inventory:

Hand Weapons
 a - a +0 war axe (weapon)
Armour
 b - a +0 scale mail (worn)
 c - a +0 kite shield (worn)
 k - a +0 helmet (worn)
Scrolls
 e - a scroll of fear {unknown}
 i - 4 scrolls of identify {unknown}
 m - 4 scrolls of teleportation {unknown}
 n - a scroll of magic mapping {unknown}
 q - 3 scrolls of enchant armour {unknown}
Potions
 d - 3 potions of might
 g - a potion of haste {unknown}
 h - 2 potions of curing {unknown}
 j - a potion of stabbing {unknown}
 l - a potion of degeneration {unknown}
 o - 2 potions of resistance {unknown}
 p - a potion of brilliance {unknown}
Comestibles
 f - a ration


   Skills:
 - Level 3.0 Fighting
 * Level 4.6 Axes
 - Level 2.6 Armour
 - Level 2.6 Shields


You had 3 spell levels left.
You didn't know any spells.
Your spell library was empty.

Dungeon Overview and Level Annotations

Branches:
Dungeon (2/15)

Altars:

Annotations:
D:2 Natasha


Innate Abilities, Weirdness & Mutations

You are partially covered in large bone plates. (SH +4)


Message History

You barely miss something. Something claws you.
Your shield and scale mail prevent you from hitting something.
You closely miss the shadow imp.
You hear a zap.
A puff of flame appears from out of thin air!
The puff of flame hits you. You block the shadow imp's attack.
Something claws you.
The shadow imp hits you but does no damage.
Something claws you.
You closely miss something. You closely miss the shadow imp.
The shadow imp hits you but does no damage.
You hear a zap.
A puff of flame appears from out of thin air!
The puff of flame hits you!
* * * LOW HITPOINT WARNING * * *
You block the shadow imp's attack.
You hear a zap.
A puff of flame appears from out of thin air!
The puff of flame hits you!
You die...

#.......# #.#####.......#
#.............# #........#
#........#
###..÷..###########
#....#.............
##...#÷..#...........#
##..5@##.#............
#..<#{.#.#..........# ..
#.#.....>#..........# .
#.#....#............#
#...................# #
#........#...........#
.###
#..........##.......### ##
....
..##.......##..####.####..
..# .### #....>.....##
#.##...#


You could see a shadow imp.

Vanquished Creatures
  Natasha (twice) (D:2)
  An adder (D:2)
  2 oozes
  2 worms (D:2)
  3 dart slugs
  2 ball pythons
  A giant cockroach (D:2)
  9 goblins
  4 hobgoblins
  2 jackals (D:1)
  2 bats
  4 frilled lizards
  7 kobolds
  4 rats
45 creatures vanquished.

Notes
Turn   | Place    | Note
-------+----------+-------------------------------------------
     0 | D:1      | Flubbersnuff the Demonspawn Fighter began the quest for the
                  | Orb.
     0 | D:1      | Reached XP level 1. HP: 18/18 MP: 1/1
   201 | D:1      | Reached skill level 2 in Axes
   330 | D:1      | Gained mutation: You are partially covered in large bone
                  | plates. (SH +4) [demonic ancestry]
   330 | D:1      | Reached XP level 2. HP: 16/24 MP: 2/2
   446 | D:1      | You fall into a shaft and drop 1 floor!
   455 | D:2      | Reached skill level 3 in Axes
   465 | D:2      | Reached XP level 3. HP: 24/29 MP: 3/3
  1523 | D:2      | Noticed Natasha
  1535 | D:2      | Killed Natasha
  1535 | D:2      | Reached skill level 4 in Axes
  1535 | D:2      | Reached XP level 4. HP: 17/35 MP: 4/4
  1673 | D:2      | Noticed Natasha
  1688 | D:2      | Killed Natasha
  1689 | D:2      | Noticed Natasha
  1988 | D:2      | Killed from afar by Natasha

Levels and vault maps discovered:
D:1:      kennysheep_arrival_forest, layout_basic,
          ebering_dispersal_statue_hall, eino_curves_02
D:2:      layout_rooms, lemuel_round_altar, gammafunk_temple_overflow_wave,
          uniq_natasha

Skill      XL: |  1  2  3 |
---------------+----------+-----
Axes           | 2 3 4 |  4.6
Fighting       | |  3.0
Armour         | |  2.6
Shields        | |  2.6

Action                   |  1- 3 |  4- 6 || total
-------------------------+-------+-------++-------
Melee: War axe           |   111 |    22 ||   133
  Eat: Ration            |     1 |       ||     1
Armor: Scale mail        |    40 |     9 ||    49
Dodge: Dodged            |    20 |     2 ||    22
Block: Kite shield       |    83 |    14 ||    97

Table legend:
 A = Non-vault XP
 B = Vault XP
 C = Vault XP percentage of total XP
 D = Non-vault monster count
 E = Vault monster count
 F = Vault count percentage of total count
                 A         B        C        D         E       F
            +---------+---------+-------+---------+---------+-------
      Total |     138 |      35 |  20.2 |      44 |       1 |   2.2
            +---------+---------+-------+---------+---------+-------
        D:1 |      41 |       0 |   0.0 |      20 |       0 |   0.0
        D:2 |      97 |      35 |  26.5 |      24 |       1 |   4.0
            +---------+---------+-------+---------+---------+-------
